 Dungeon Sprint DCSS version 0.20-a0-876-g2c7b0bf (webtiles) character file.

139 esc the Skirmisher (level 5, -8/69 HPs)
             Began as a Demonspawn Berserker on Mar 15, 2017.
             Was a Follower of Trog.
             Mangled by a neqoxec (13 damage)
             ... in the Dungeon (Sprint II: "The Violet Keep of Menkaure").
             The game lasted 00:00:31 (23 turns).

esc the Skirmisher (Demonspawn Berserker)             Turns: 23, Time: 00:00:32

Health: -8/69      AC:  2    Str: 23      XL:     5   Next: 1%
Magic:  5/5        EV: 13    Int:  6 (8)  God:    Trog [*.....]
Gold:   0          SH:  0    Dex:  9      Spells: 4/4 levels left

rFire    . . .     SeeInvis .   a - +0 falchion
rCold    . . .     Gourm    .   b - +0 animal skin
rNeg     . . .     Faith    .   (no shield)
rPois    .         Spirit   .   (helmet restricted)
rElec    .         Reflect  .   (no cloak)
rCorr    .         Harm     .   (no gloves)
MR       .....     NoTele   +   (no boots)
Stlth    ..........             (no amulet)
Regen    0.3/turn               (no ring)
MPRegen  0.1/turn               (no ring)

@: berserking (expiring), very quick
A: antennae 1, clumsy 2, demonic guardian 1
a: Berserk, Burn Spellbooks, Renounce Religion


You were in the Dungeon.
You worshipped Trog.
Trog was aware of your devotion.
You were not hungry.

You visited 1 branch

Inventory:

Hand Weapons
 a - a +0 falchion (weapon)
Armour
 b - a +0 animal skin (worn)
Scrolls
 i - a scroll of blinking {!r}
Potions
 d - a potion of curing
 e - a potion of heal wounds
 f - a potion of haste
 g - 2 potions of magic
 h - a potion of berserk rage {!q}
Comestibles
 c - a bread ration {@e1}


   Skills:
 + Level 5.7 Fighting
 + Level 5.2 Long Blades
 + Level 4.8 Armour
 + Level 4.8 Dodging


You had 4 spell levels left.
You didn't know any spells.

Dungeon Overview and Level Annotations

Branches:
Dungeon (1/1)

Altars:


Innate Abilities, Weirdness & Mutations

You have a pair of small antennae on your head.
A weak demonic guardian rushes to your aid.
You are very clumsy. (Dex -4)


Message History

Welcome, esc the Demonspawn Berserker.
Trog says: Kill them all!
Found a staircase leading out of the dungeon.
You open the door. 2 tyrant leeches come into view.
You close the door.
You open the door.
A neqoxec comes into view.
The neqoxec shouts!
You hear a shout! x2
The neqoxec gestures.
There is an open door here.
A red film seems to cover your vision as you go berserk!
You feel yourself moving faster!
You feel mighty!
You feel quite a bit more hungry.
You now have 27/27 hp.
You hit the neqoxec. The neqoxec gestures at you.
Strange energies course through your body.
You feel clumsy.
You barely miss the neqoxec. The neqoxec hits you!
You take 8 damage, and have 19/27 hp.
MASSIVE DAMAGE!!
You closely miss the neqoxec. The neqoxec completely misses you.
You slash the neqoxec!
A neqoxec comes into view.
You slash the neqoxec! The neqoxec gestures at you.
Strange energies course through your body.
You feel frail.
You barely miss the neqoxec. The neqoxec hits you!
Ouch! That really hurt!
* * * LOW HITPOINT WARNING * * *
You take 14 damage, and have 5/24 hp.
MASSIVE DAMAGE!!
Here: a neqoxec (heavily wounded)
The floor.
You hit the neqoxec. The neqoxec gestures at you.
Something tries to feed on your intellect!
The neqoxec hits you.
* * * LOW HITPOINT WARNING * * *
You take 1 damage, and have 4/24 hp.
You slash the neqoxec! You closely miss the neqoxec.
The neqoxec gestures.
You hit the neqoxec. The neqoxec gestures at you.
Strange energies course through your body.
You feel clumsy.
You barely miss the neqoxec. The neqoxec gestures at you.
Strange energies course through your body.
You feel robust. The iron imp closely misses you.
You riposte.
You slash the iron imp! You hit the neqoxec.
You kill the neqoxec!
Trog accepts your kill.
The iron imp disappears in a puff of smoke!
Your Fighting skill gained 2 levels and is now at level 5!
Your Long Blades skill gained 3 levels and is now at level 5!
Your Armour skill gained 3 levels and is now at level 4!
Your Dodging skill gained 3 levels and is now at level 4!
You have reached level 2!
Your demonic ancestry asserts itself...
A pair of antennae grows on your head!
You have reached level 3!
Your experience leads to an increase in your attributes!
Your base attributes are Str 17, Int 8, Dex 12.
Increase (S)trength, (I)ntelligence, or (D)exterity?
You feel stronger.
Your demonic ancestry asserts itself...
You feel the presence of a demonic guardian.
You have reached level 4!
You feel agile.
You have reached level 5!
You regained 8 hp, and now have 13/69 hp.
MP restored: 5 You miss the neqoxec.
You hit the neqoxec. The neqoxec hits you!
* * * LOW HITPOINT WARNING * * *
You take 9 damage, and have 4/69 hp.
You hit the neqoxec. The neqoxec gestures at you.
You feel dopey. Something feeds on your intellect!
You slash the neqoxec! You hit the neqoxec. The neqoxec hits you!
You die...

## { #.#
# ##3#
##. #@#
#.w$##5##
#+.<.+
#.w.##.##
##. #+# #


You could see a neqoxec and a friendly white imp.

Vanquished Creatures
  A neqoxec (D)
1 creature vanquished.

Notes
Turn   | Place    | Note
-------+----------+-------------------------------------------
     0 | D        | esc the Demonspawn Berserker began the quest for the Orb.
     0 | D        | Reached XP level 1. HP: 18/18 MP: 1/1
     1 | D        | Noticed a tyrant leech
     1 | D        | Noticed a tyrant leech
     4 | D        | Noticed a neqoxec
     7 | D        | Gained mutation: You are clumsy. (Dex -2) [a neqoxec]
    11 | D        | Noticed a neqoxec
    11 | D        | Gained mutation: You are frail. (-10% HP) [a neqoxec]
    12 | D        | HP: 5/24 [neqoxec (14)]
    16 | D        | Noticed an iron imp
    16 | D        | Gained mutation: You are very clumsy. (Dex -4) [a neqoxec]
    17 | D        | Lost mutation: You are frail. (-10% HP) [a neqoxec]
    18 | D        | Killed a neqoxec
    18 | D        | Reached skill level 5 in Fighting
    18 | D        | Reached skill level 5 in Long Blades
    18 | D        | Reached skill level 4 in Armour
    18 | D        | Reached skill level 4 in Dodging
    18 | D        | Gained mutation: You have a pair of small antennae on your head. [demonic ancestry]
    18 | D        | Reached XP level 2. HP: 7/28 MP: 2/2
    18 | D        | Gained mutation: A weak demonic guardian rushes to your aid. [demonic ancestry]
    18 | D        | Reached XP level 3. HP: 9/34 MP: 3/3
    18 | D        | Reached XP level 4. HP: 11/40 MP: 4/4
    18 | D        | Reached XP level 5. HP: 13/46 MP: 5/5
    20 | D        | HP: 4/69 [neqoxec (9)]
    23 | D        | Mangled by a neqoxec

Vault maps used:
D:        the_violet_keep_of_menkaure

Skill      XL: |  1 |
---------------+----+-----
Fighting       | 5 |  5.7
Long Blades    | 5 |  5.2
Armour         | 4 |  4.8
Dodging        | 4 |  4.8

Action                   |  1- 3 |  4- 6 || total
-------------------------+-------+-------++-------
Melee: Falchion          |    12 |     5 ||    17
Invok: Berserk           |     1 |       ||     1
Dodge: Dodged            |     2 |       ||     2
       Rpst.: Falchion   |     1 |       ||     1

Vault maps used:
D:        the_violet_keep_of_menkaure

Table legend:
 A = Turns spent in this place as a percentage of turns spent in the entire game.
 B = Non-inter-level travel turns spent in this place as a percentage of non-inter-level travel turns spent in the entire game.
 C = Inter-level travel turns spent in this place as a percentage of turns spent in this place.
 D = Turns resting spent in this place as a percentage of non-inter-level travel turns spent in this place.
 E = Turns spent auto-exploring this place as a percentage of non-inter-level travel turns spent in this place.
 F = Non-inter-level travel turns spent in this place divided by the number of levels of this place that you've seen.
                   A       B       C       D       E      F
               +-------+-------+-------+-------+-------+----------------------
         Total | 100.0 | 100.0 |   0.0 |   0.0 |   0.0 |  25.0
       Dungeon | 100.0 | 100.0 |   0.0 |   0.0 |   0.0 |  25.0
               +-------+-------+-------+-------+-------+----------------------

Table legend:
 A = Kills in this place as a percentage of kills in entire the game.
 B = Kills by you in this place as a percentage of kills by you in the entire game.
 C = Kills by friends in this place as a percentage of kills by friends in the entire game.
 D = Other kills in this place as a percentage of other kills in the entire game.
 E = Experience gained in this place as a percentage of experience gained in the entire game.
 F = Experience gained in this place divided by the number of levels of this place that you have seen.
                   A       B       C       D       E      F
               +-------+-------+-------+-------+-------+----------------------
         Total | 100.0 | 100.0 |  -nan |  -nan | 100.0 | 199.0
       Dungeon | 100.0 | 100.0 |  -nan |  -nan | 100.0 | 199.0
               +-------+-------+-------+-------+-------+----------------------
